PITTSBURGH vs NASHVILLE

Created - March-18-21 at 18:55

Goals
1 2 3 T
PITTSBURGH 3 0 1 4
NASHVILLE 0 0 2 2
Shots
1 2 3 T
PITTSBURGH 15 8 5 28
NASHVILLE 6 6 6 18

1st period

1. PITTSBURGH , Sammy Blais 3 (Jonas Siegenthaler 9, Kris Russell 9) at 5:00
2. PITTSBURGH , Robert Thomas 7 (Andrei Svechnikov 15, Jonas Siegenthaler 10) at 11:24
3. PITTSBURGH , Jordan Greenway 6 (Jack Eichel 23, Teuvo Teravainen 22) at 17:14 (PP)

Penalties :
Jason Dickinson (NSH) for Hooking (Minor) at 7:17, Jared McCann (NSH) for Roughing (Minor) at 16:26

2nd period

No Goal

Penalties :
Adam Larsson (NSH) for Holding (Minor) at 6:13, Brian Dumoulin (NSH) for Interference (Minor) at 11:01, Andrei Svechnikov (PIT) for Hooking (Minor) at 16:52

3rd period

4. PITTSBURGH , Cale Makar 5 (Jack Eichel 24) at 13:27 (PP)
5. NASHVILLE , Nicolas Hague 2 (Nolan Patrick 8) at 17:06
6. NASHVILLE , Josh Leivo 3 (Tage Thompson 4, Morgan Rielly 16) at 17:53

Penalties :
Bobby Ryan (NSH) for Hooking (Minor) at 13:03

Goalie Stats

Jordan Binnington (PIT), 16 saves from 18 shots - (0.889), W, 15-6-3, 60:00 minutes
Joonas Korpisalo (NSH), 24 saves from 28 shots - (0.857), L, 11-11-2, 60:00 minutes

Players Stats for PITTSBURGH

Player Name              G  A  P  +/- PIM S  H  SB GA TA FO     MP     PP MP  PK MP  
------------------------------------------------------------------------------------
Andrei Svechnikov        0  1  1   1  2   5  3  0  0  0  1/2    18:22   4:03   0:00 
Brandon Tanev            0  0  0   1  0   0  2  0  0  0  0/2    14:46   3:06   0:26 
Cale Makar               1  0  1   0  0   4  0  0  0  0  0/0     5:29   5:29   0:00 
Colton Sissons           0  0  0   0  0   0  2  0  0  0  6/10   10:45   0:00   0:49 
Derek Ryan               0  0  0   1  0   0  0  0  0  0  9/17   15:30   3:06   1:10 
Jack Eichel              0  2  2  -2  0   4  1  0  0  0  14/26  19:47   4:03   0:00 
Jamie Oleksiak           0  0  0   0  0   0  0  0  0  0  0/0    14:56   0:00   0:00 
Jonas Siegenthaler       0  2  2   0  0   1  1  1  0  0  0/0    20:15   0:33   1:10 
Jordan Greenway          1  0  1   1  0   3  2  0  0  0  0/1    16:44   2:46   0:00 
Jordan Oesterle          0  0  0   0  0   0  0  1  0  0  0/0    14:56   0:00   0:00 
Kris Russell             0  1  1   0  0   0  4  3  0  0  0/0    21:34   1:52   1:10 
Marcus Sorensen          0  0  0   0  0   0  0  0  0  0  0/0     0:00   0:00   0:00 
Nick Jensen              0  0  0   0  0   0  2  0  0  0  0/0    18:13   0:00   0:49 
Pierre Engvall           0  0  0   0  0   4  0  0  0  0  0/0    12:37   3:06   0:14 
Robert Thomas            1  0  1   1  0   5  0  0  0  0  6/16   17:36   3:38   0:00 
Roman Polak              0  0  0   0  0   0  3  1  0  0  0/0    18:13   0:00   0:49 
Sammy Blais              1  0  1   1  0   1  0  1  0  0  1/1    11:14   0:00   0:00 
Teuvo Teravainen         0  1  1  -2  0   0  0  0  0  0  2/3    20:04   4:03   0:00 
Trevor Lewis             0  0  0   0  0   0  0  0  0  0  0/0     9:56   0:00   0:00 
Vincent Hinostroza       0  0  0  -2  0   1  2  1  0  0  0/0    17:03   0:00   1:19 

Players Stats for NASHVILLE

Player Name              G  A  P  +/- PIM S  H  SB GA TA FO     MP     PP MP  PK MP  
------------------------------------------------------------------------------------
Adam Larsson             0  0  0   0  2   0  2  2  0  0  0/0    19:46   1:02   2:31 
Alex Chiasson            0  0  0  -1  0   1  0  0  0  0  0/0    13:33   0:00   0:00 
Andrew Peeke             0  0  0  -1  0   1  2  0  0  0  0/0    14:43   0:00   0:00 
Bobby Ryan               0  0  0  -1  2   3  1  0  0  0  0/0    13:32   0:00   0:00 
Brian Dumoulin           0  0  0   0  2   0  2  3  0  0  0/0    19:28   0:57   2:42 
Connor Carrick           0  0  0  -1  0   0  1  4  0  0  0/0    16:10   0:00   1:27 
Devin Shore              0  0  0   1  0   0  2  0  0  0  3/8     7:06   0:00   0:20 
J.T. Compher             0  0  0   0  0   3  1  0  0  0  8/20   17:20   1:02   2:12 
Jared McCann             0  0  0   0  2   1  4  1  0  0  1/4    20:31   0:57   3:08 
Jason Dickinson          0  0  0   0  2   0  0  0  0  0  0/0    16:17   1:02   1:10 
Jeremy Lauzon            0  0  0   1  0   0  1  0  0  0  0/0     4:43   0:00   0:38 
Jimmy Vesey              0  0  0   0  0   0  1  0  0  0  0/0    15:08   1:02   0:00 
Josh Leivo               1  0  1   1  0   2  1  0  0  0  0/0     6:46   0:00   0:00 
Morgan Rielly            0  1  1   1  0   1  0  4  0  0  0/0    24:35   1:02   3:14 
Nicolas Hague            1  0  1   0  0   2  2  1  0  0  0/0    20:33   0:57   3:46 
Nolan Patrick            0  1  1  -1  0   0  2  0  0  0  7/13   14:49   0:00   1:16 
Paul Byron               0  0  0   0  0   2  3  1  0  0  2/5    19:36   0:57   2:12 
Sean Monahan             0  0  0   0  0   2  1  0  0  0  18/27  21:24   0:57   4:00 
Tage Thompson            0  1  1   1  0   0  1  0  0  0  0/1     6:46   0:00   0:00 

3 Stars

1 - Jordan Greenway (PIT)
2 - Sammy Blais (PIT)
3 - Robert Thomas (PIT)

Power Play

PITTSBURGH - 2 on 5 Attempt(s) - 40.00%
NASHVILLE - 0 on 1 Attempt(s) - 0.00%

Penalty Kill

PITTSBURGH - 1 on 1 Attempt(s) - 100.00% - Score 0 goal in Penalty Kill
NASHVILLE - 3 on 5 Attempt(s) - 60.00% - Score 0 goal in Penalty Kill

Team Stat

PITTSBURGH - Hits : 22 - Faceoff Wins : 39 - Blocked Shots : 8 - Penalty Minutes : 2
NASHVILLE - Hits : 27 - Faceoff Wins : 39 - Blocked Shots : 16 - Penalty Minutes : 10

Official

Referees : Mike Campbell and Chris Boddy
Linesman : Matt Sullivan and Kory Nagy

Game Notes

No Game Note

Finance

Level 1 -- Attendance: 4799 (79.98%) -- Ticket Income $479,900
Level 2 -- Attendance: 4162 (83.24%) -- Ticket Income $249,720
Level 3 -- Attendance: 2000 (100.00%) -- Ticket Income $70,000
Level 4 -- Attendance: 2671 (66.78%) -- Ticket Income $66,775
Luxury Box -- Attendance: 671 (67.10%) -- Ticket Income $134,200
Game was played at the Bridgestone Arena.
Total Attendance: 14303 (79.46%)
Total Ticket Income: $1,000,595
Total Income: $1,000,595

PITTSBURGH

5 vs 5 Forward 
   Center                   Left Wing                Right Wing               Time % Phy DF OF 
 1 Jack Eichel              Vincent Hinostroza       Teuvo Teravainen         35     0   2  3  
 2 Robert Thomas            Jordan Greenway          Andrei Svechnikov        30     0   2  3  
 3 Derek Ryan               Sammy Blais              Brandon Tanev            25     0   2  3  
 4 Colton Sissons           Pierre Engvall           Trevor Lewis             10     0   2  3  

5 vs 5 Defense 
   Defense                  Defense                                           Time % Phy DF OF 
 1 Kris Russell             Jonas Siegenthaler                                35     0   3  2  
 2 Roman Polak              Nick Jensen                                       30     0   3  2  
 3 Jamie Oleksiak           Jordan Oesterle                                   25     0   3  2  
 4 Kris Russell             Jonas Siegenthaler                                10     0   3  2  

PowerPlay Forward 
   Center                   Left Wing                Right Wing               Time % Phy DF OF 
 1 Jack Eichel              Andrei Svechnikov        Teuvo Teravainen         70     0   1  4  
 2 Derek Ryan               Pierre Engvall           Brandon Tanev            30     0   1  4  

PowerPlay Defense
   Defense                  Defense                                           Time % Phy DF OF 
 1 Cale Makar               Robert Thomas                                     70     0   1  4  
 2 Cale Makar               Jordan Greenway                                   30     0   1  4  

Penalty Kill 4 Players Forward 
   Center                   Wing                     Time % Phy DF OF 
 1 Derek Ryan               Vincent Hinostroza       60     0   4  1  
 2 Colton Sissons           Brandon Tanev            40     0   4  1  

Penalty Kill 4 Players Defense
   Defense                  Defense                  Time % Phy DF OF 
 1 Jonas Siegenthaler       Kris Russell             60     0   4  1  
 2 Roman Polak              Nick Jensen              40     0   4  1  

Penalty Kill - 3 Players Forward 
   Forward                                           Time % Phy DF OF 
 1 Vincent Hinostroza                                60     0   5  0  
 2 Brandon Tanev                                     40     0   5  0  

Penalty Kill - 3 Players Defense
   Defense                  Defense                  Time % Phy DF OF 
 1 Jonas Siegenthaler       Kris Russell             60     0   5  0  
 2 Roman Polak              Nick Jensen              40     0   5  0  

4 vs 4 Forward 
   Center                   Wing                     Time % Phy DF OF 
 1 Jack Eichel              Teuvo Teravainen         60     0   2  3  
 2 Robert Thomas            Andrei Svechnikov        40     0   2  3  

4 vs 4 Defense
   Defense                  Defense                  Time % Phy DF OF 
 1 Jonas Siegenthaler       Kris Russell             60     0   3  2  
 2 Roman Polak              Cale Makar               40     0   3  2  

Last Minutes Offensive
   Center                   Left Wing                Right Wing               Defense                  Defense                  
   Jack Eichel              Andrei Svechnikov        Teuvo Teravainen         Cale Makar               Robert Thomas            

Last Minutes Defensive
   Center                   Left Wing                Right Wing               Defense                  Defense                  
   Derek Ryan               Brandon Tanev            Vincent Hinostroza       Jonas Siegenthaler       Kris Russell             

Goaltenders
Starting : Jordan Binnington        
Backup : Philipp Grubauer         

Extra Forwards
Normal : Jack Eichel, Teuvo Teravainen, Andrei Svechnikov - PP : Jack Eichel, Teuvo Teravainen - PK : Vincent Hinostroza
Extra Defensemen
Normal : Kris Russell, Jonas Siegenthaler, Cale Makar - PP : Cale Makar - PK : Kris Russell, Jonas Siegenthaler
Penalty Shots
Andrei Svechnikov, Vincent Hinostroza, Teuvo Teravainen, Derek Ryan, Jack Eichel

Scratches
PIT Cap Hit (Suspend), Pontus Aberg (Healthy)

NASHVILLE

5 vs 5 Forward 
   Center                   Left Wing                Right Wing               Time % Phy DF OF 
 1 Sean Monahan             Paul Byron               Jared McCann             35     1   2  2  
 2 J.T. Compher             Jason Dickinson          Jimmy Vesey              30     1   2  2  
 3 Nolan Patrick            Alex Chiasson            Bobby Ryan               25     1   2  2  
 4 Devin Shore              Josh Leivo               Tage Thompson            10     1   2  2  

5 vs 5 Defense 
   Defense                  Defense                                           Time % Phy DF OF 
 1 Morgan Rielly            Adam Larsson                                      35     1   2  2  
 2 Brian Dumoulin           Nicolas Hague                                     30     1   2  2  
 3 Andrew Peeke             Connor Carrick                                    25     1   2  2  
 4 Jeremy Lauzon            Morgan Rielly                                     10     1   2  2  

PowerPlay Forward 
   Center                   Left Wing                Right Wing               Time % Phy DF OF 
 1 Sean Monahan             Paul Byron               Jared McCann             60     1   2  2  
 2 J.T. Compher             Jason Dickinson          Jimmy Vesey              40     1   2  2  

PowerPlay Defense
   Defense                  Defense                                           Time % Phy DF OF 
 1 Morgan Rielly            Adam Larsson                                      60     1   2  2  
 2 Brian Dumoulin           Nicolas Hague                                     40     1   2  2  

Penalty Kill 4 Players Forward 
   Center                   Wing                     Time % Phy DF OF 
 1 Sean Monahan             Jared McCann             60     1   2  2  
 2 Paul Byron               J.T. Compher             40     1   2  2  

Penalty Kill 4 Players Defense
   Defense                  Defense                  Time % Phy DF OF 
 1 Morgan Rielly            Adam Larsson             60     1   2  2  
 2 Brian Dumoulin           Nicolas Hague            40     1   2  2  

Penalty Kill - 3 Players Forward 
   Forward                                           Time % Phy DF OF 
 1 Sean Monahan                                      60     1   2  2  
 2 Jared McCann                                      40     1   2  2  

Penalty Kill - 3 Players Defense
   Defense                  Defense                  Time % Phy DF OF 
 1 Morgan Rielly            Adam Larsson             60     1   2  2  
 2 Brian Dumoulin           Nicolas Hague            40     1   2  2  

4 vs 4 Forward 
   Center                   Wing                     Time % Phy DF OF 
 1 Sean Monahan             Jared McCann             60     1   2  2  
 2 Paul Byron               J.T. Compher             40     1   2  2  

4 vs 4 Defense
   Defense                  Defense                  Time % Phy DF OF 
 1 Morgan Rielly            Adam Larsson             60     1   2  2  
 2 Brian Dumoulin           Nicolas Hague            40     1   2  2  

Last Minutes Offensive
   Center                   Left Wing                Right Wing               Defense                  Defense                  
   Sean Monahan             Paul Byron               Jared McCann             Morgan Rielly            Adam Larsson             

Last Minutes Defensive
   Center                   Left Wing                Right Wing               Defense                  Defense                  
   Sean Monahan             Paul Byron               Jared McCann             Morgan Rielly            Adam Larsson             

Goaltenders
Starting : Joonas Korpisalo         
Backup : Devan Dubnyk             

Extra Forwards
Normal : Bobby Ryan, Alex Chiasson, Nolan Patrick - PP : Bobby Ryan, Alex Chiasson - PK : Nolan Patrick
Extra Defensemen
Normal : Andrew Peeke, Connor Carrick, Jeremy Lauzon - PP : Andrew Peeke - PK : Connor Carrick, Jeremy Lauzon
Penalty Shots
Sean Monahan, Jared McCann, Paul Byron, J.T. Compher, Jason Dickinson

Scratches
Alexander Barabanov (Healthy), Alex Petrovic (Healthy), Henrik Lundqvist (Healthy), NSH Cap Hit (Suspend)

% Time on Ice - PITTSBURGH

Lines # - Real PCT - Wanted PCT - Time Play
Normal Forward
1 - 31% - 35% - 15:44
2 - 27% - 30% - 13:58
3 - 22% - 25% - 11:14
4 - 20% - 10% - 9:56
Normal Defense
1 - 32% - 35% - 16:23
2 - 34% - 30% - 17:24
3 - 29% - 25% - 14:56
4 - 4% - 10% - 2:09
PP Forward
1 - 57% - 70% - 4:03
2 - 43% - 30% - 3:06
PP Defense
1 - 61% - 70% - 4:23
2 - 39% - 30% - 2:46
PK Forward
1 - 78% - 60% - 1:33
2 - 22% - 40% - 0:26
PK Defense
1 - 59% - 60% - 1:10
2 - 41% - 40% - 0:49
PK3 Forward
1 - 0% - 60%
2 - 0% - 40%
PK3 Defense
1 - 0% - 60%
2 - 0% - 40%
44 Forward
1 - 0% - 60%
2 - 0% - 40%
44 Defense
1 - 0% - 60%
2 - 0% - 40%
Last Minute Offensive  - 0:00
Last Minute Defensive  - 0:00
Total
Forward - 60:00
Defense - 60:00

% Time on Ice - NASHVILLE

Lines # - Real PCT - Wanted PCT - Time Play
Normal Forward
1 - 32% - 35% - 16:27
2 - 28% - 30% - 14:06
3 - 27% - 25% - 13:33
4 - 13% - 10% - 6:46
Normal Defense
1 - 32% - 35% - 16:14
2 - 31% - 30% - 15:50
3 - 29% - 25% - 14:43
4 - 8% - 10% - 4:05
PP Forward
1 - 48% - 60% - 0:57
2 - 52% - 40% - 1:02
PP Defense
1 - 52% - 60% - 1:02
2 - 48% - 40% - 0:57
PK Forward
1 - 69% - 60% - 4:57
2 - 31% - 40% - 2:12
PK Defense
1 - 47% - 60% - 3:23
2 - 53% - 40% - 3:46
PK3 Forward
1 - 0% - 60%
2 - 0% - 40%
PK3 Defense
1 - 0% - 60%
2 - 0% - 40%
44 Forward
1 - 0% - 60%
2 - 0% - 40%
44 Defense
1 - 0% - 60%
2 - 0% - 40%
Last Minute Offensive  - 0:00
Last Minute Defensive  - 0:00
Total
Forward - 60:00
Defense - 60:00

Play-by-Play

1st period


0:01 of 1st period - Jared McCann wins face-off versus Jack Eichel in neutral zone.
0:01 of 1st period - Sean Monahan is hit by Vincent Hinostroza and loses puck.
0:28 of 1st period - Sean Monahan is hit by Kris Russell and loses puck.
0:33 of 1st period - Shot by Jared McCann.
0:33 of 1st period - Stopped by Jordan Binnington without a rebound.
0:34 of 1st period - J.T. Compher wins face-off versus Robert Thomas in PITTSBURGH zone.
0:35 of 1st period - Shot by Jimmy Vesey.
0:35 of 1st period - Shot Misses the Net.
3:15 of 1st period - Sean Monahan is hit by Jack Eichel and loses puck.
4:19 of 1st period - Shot by J.T. Compher.
4:19 of 1st period - Shot Misses the Net.
4:21 of 1st period - Shot by J.T. Compher.
4:21 of 1st period - Shot Misses the Net.
4:23 of 1st period - Shot by Andrew Peeke.
4:23 of 1st period - Stopped by Jordan Binnington without a rebound.
4:24 of 1st period - Nolan Patrick wins face-off versus Derek Ryan in PITTSBURGH zone.
5:00 of 1st period - Shot by Sammy Blais.
5:00 of 1st period - Goal by Sammy Blais - PITTSBURGH : 1 - NASHVILLE : 0.
5:01 of 1st period - Jack Eichel wins face-off versus J.T. Compher in neutral zone.
6:10 of 1st period - Shot by Pierre Engvall.
6:10 of 1st period - Stopped by Joonas Korpisalo without a rebound.
6:11 of 1st period - Sammy Blais wins face-off versus Paul Byron in NASHVILLE zone.
6:18 of 1st period - Brandon Tanev is hit by Jared McCann and loses puck.
6:33 of 1st period - Shot by Paul Byron.
6:33 of 1st period - Stopped by Jordan Binnington without a rebound.
6:34 of 1st period - Nolan Patrick wins face-off versus Robert Thomas in PITTSBURGH zone.
6:37 of 1st period - Shot by Alex Chiasson.
6:37 of 1st period - Stopped by Jordan Binnington without a rebound.
6:38 of 1st period - Nolan Patrick wins face-off versus Robert Thomas in PITTSBURGH zone.
6:45 of 1st period - Shot by Bobby Ryan.
6:45 of 1st period - Stopped by Jordan Binnington without a rebound.
6:46 of 1st period - Jack Eichel wins face-off versus Paul Byron in PITTSBURGH zone.
6:46 of 1st period - Jack Eichel is hit by Paul Byron.
6:54 of 1st period - Shot by Jared McCann.
6:54 of 1st period - Shot Blocked by Kris Russell.
7:11 of 1st period - Shot by Sean Monahan.
7:11 of 1st period - Shot Misses the Net.
7:14 of 1st period - Icing by Jonas Siegenthaler.
7:15 of 1st period - Jack Eichel wins face-off versus J.T. Compher in PITTSBURGH zone.
7:17 of 1st period - Minor Penalty to Jason Dickinson for Hooking.
7:18 of 1st period - Derek Ryan wins face-off versus Jared McCann in NASHVILLE zone.
7:47 of 1st period - Shot by Cale Makar.
7:47 of 1st period - Stopped by Joonas Korpisalo without a rebound.
7:48 of 1st period - Teuvo Teravainen wins face-off versus Paul Byron in NASHVILLE zone.
7:55 of 1st period - Shot by Cale Makar.
7:55 of 1st period - Stopped by Joonas Korpisalo with a rebound.
8:17 of 1st period - Shot by Andrei Svechnikov.
8:17 of 1st period - Stopped by Joonas Korpisalo without a rebound.
8:18 of 1st period - Sean Monahan wins face-off versus Derek Ryan in NASHVILLE zone.
8:18 of 1st period - Sean Monahan is hit by Brandon Tanev.
8:32 of 1st period - Shot by Derek Ryan.
8:32 of 1st period - Shot Blocked by Paul Byron.
8:34 of 1st period - Shot by Pierre Engvall.
8:34 of 1st period - Shot Misses the Net.
8:46 of 1st period - Shot by Robert Thomas.
8:46 of 1st period - Stopped by Joonas Korpisalo without a rebound.
8:47 of 1st period - Jack Eichel wins face-off versus Sean Monahan in NASHVILLE zone.
8:49 of 1st period - Teuvo Teravainen is hit by Nicolas Hague and loses puck.
9:31 of 1st period - Colton Sissons is hit by Jeremy Lauzon and loses puck.
9:49 of 1st period - Icing by Trevor Lewis.
9:50 of 1st period - Colton Sissons wins face-off versus J.T. Compher in PITTSBURGH zone.
10:14 of 1st period - Icing by Connor Carrick.
10:15 of 1st period - Robert Thomas wins face-off versus J.T. Compher in NASHVILLE zone.
10:32 of 1st period - Shot by Andrei Svechnikov.
10:32 of 1st period - Deflect By Robert Thomas.
10:32 of 1st period - Stopped by Joonas Korpisalo with a rebound.
10:34 of 1st period - Shot by Jordan Greenway.
10:34 of 1st period - Stopped by Joonas Korpisalo without a rebound.
10:35 of 1st period - Sean Monahan wins face-off versus Jack Eichel in NASHVILLE zone.
10:49 of 1st period - Shot by Jack Eichel.
10:49 of 1st period - Shot Blocked by Adam Larsson.
10:51 of 1st period - Shot by Jamie Oleksiak.
10:51 of 1st period - Shot Blocked by Morgan Rielly.
10:53 of 1st period - Shot by Jack Eichel.
10:53 of 1st period - Stopped by Joonas Korpisalo without a rebound.
10:54 of 1st period - Robert Thomas wins face-off versus Nolan Patrick in NASHVILLE zone.
11:18 of 1st period - Shot by Andrei Svechnikov.
11:18 of 1st period - Shot Blocked by Brian Dumoulin.
11:20 of 1st period - Shot by Andrei Svechnikov.
11:20 of 1st period - Shot Blocked by Brian Dumoulin.
11:22 of 1st period - Shot by Robert Thomas.
11:22 of 1st period - Deflect By Andrei Svechnikov.
11:22 of 1st period - Shot Blocked by Brian Dumoulin.
11:24 of 1st period - Shot by Robert Thomas.
11:24 of 1st period - Goal by Robert Thomas - PITTSBURGH : 2 - NASHVILLE : 0.
11:25 of 1st period - Sean Monahan wins face-off versus Brandon Tanev in neutral zone.
12:28 of 1st period - Icing by Jordan Oesterle.
12:29 of 1st period - Derek Ryan wins face-off versus Nolan Patrick in PITTSBURGH zone.
12:29 of 1st period - Derek Ryan is hit by Nolan Patrick.
12:55 of 1st period - Shot by Bobby Ryan.
12:55 of 1st period - Shot Blocked by Kris Russell.
13:30 of 1st period - Icing by Andrew Peeke.
13:31 of 1st period - J.T. Compher wins face-off versus Jordan Greenway in NASHVILLE zone.
13:31 of 1st period - J.T. Compher is hit by Andrei Svechnikov.
13:36 of 1st period - Andrew Peeke is hit by Nick Jensen and loses puck.
14:27 of 1st period - Jared McCann is hit by Colton Sissons and loses puck.
14:54 of 1st period - Shot by Pierre Engvall.
14:54 of 1st period - Stopped by Joonas Korpisalo without a rebound.
14:55 of 1st period - Nolan Patrick wins face-off versus Jack Eichel in NASHVILLE zone.
15:34 of 1st period - Off-side.
15:35 of 1st period - Derek Ryan wins face-off versus Devin Shore in neutral zone.
15:35 of 1st period - Derek Ryan is hit by Devin Shore.
15:57 of 1st period - Shot by Derek Ryan.
15:57 of 1st period - Shot Misses the Net.
16:18 of 1st period - Roman Polak is hit by Josh Leivo and loses puck.
16:26 of 1st period - Minor Penalty to Jared McCann for Roughing.
16:27 of 1st period - Sean Monahan wins face-off versus Jack Eichel in NASHVILLE zone.
16:38 of 1st period - Shot by Andrei Svechnikov.
16:38 of 1st period - Stopped by Joonas Korpisalo with a rebound.
16:50 of 1st period - Shot by Cale Makar.
16:50 of 1st period - Stopped by Joonas Korpisalo without a rebound.
16:51 of 1st period - Andrei Svechnikov wins face-off versus Sean Monahan in NASHVILLE zone.
17:12 of 1st period - Shot by Jack Eichel.
17:12 of 1st period - Stopped by Joonas Korpisalo with a rebound.
17:14 of 1st period - Shot by Jordan Greenway.
17:14 of 1st period - Goal by Jordan Greenway - PITTSBURGH : 3 - NASHVILLE : 0.
17:15 of 1st period - Colton Sissons wins face-off versus J.T. Compher in neutral zone.
17:15 of 1st period - Kris Russell is hit by J.T. Compher and loses puck.
18:36 of 1st period - Shot by Nolan Patrick.
18:36 of 1st period - Shot Misses the Net.
18:38 of 1st period - Shot by Nolan Patrick.
18:38 of 1st period - Shot Blocked by Sammy Blais.
18:40 of 1st period - Shot by Bobby Ryan.
18:40 of 1st period - Stopped by Jordan Binnington without a rebound.
18:41 of 1st period - Sean Monahan wins face-off versus Jack Eichel in PITTSBURGH zone.
18:41 of 1st period - Sean Monahan is hit by Roman Polak.
18:50 of 1st period - Icing by Roman Polak.
18:51 of 1st period - Jack Eichel wins face-off versus Devin Shore in PITTSBURGH zone.
18:55 of 1st period - Jack Eichel is hit by Tage Thompson.
18:56 of 1st period - Off-side.
18:57 of 1st period - Jack Eichel wins face-off versus Jared McCann in neutral zone.
Goals for this period are 3 for PITTSBURGH vs 0 for NASHVILLE.
Shots for this period are 15 for PITTSBURGH vs 6 for NASHVILLE.

2nd period


0:01 of 2nd period - Robert Thomas wins face-off versus Sean Monahan in neutral zone.
0:08 of 2nd period - Shot by Andrei Svechnikov.
0:08 of 2nd period - Shot Misses the Net.
0:14 of 2nd period - Shot by Sean Monahan.
0:14 of 2nd period - Stopped by Jordan Binnington with a rebound.
0:32 of 2nd period - Shot by Andrei Svechnikov.
0:32 of 2nd period - Shot Misses the Net.
0:38 of 2nd period - Jonas Siegenthaler is hit by Paul Byron and loses puck.
1:02 of 2nd period - J.T. Compher is hit by Jonas Siegenthaler and loses puck.
1:07 of 2nd period - Shot by J.T. Compher.
1:07 of 2nd period - Stopped by Jordan Binnington without a rebound.
1:08 of 2nd period - Jack Eichel wins face-off versus Nolan Patrick in PITTSBURGH zone.
1:22 of 2nd period - Teuvo Teravainen is hit by Connor Carrick and loses puck.
1:41 of 2nd period - Andrew Peeke is hit by Vincent Hinostroza and loses puck.
2:23 of 2nd period - Shot by Jason Dickinson.
2:23 of 2nd period - Shot Misses the Net.
2:25 of 2nd period - Shot by J.T. Compher.
2:25 of 2nd period - Stopped by Jordan Binnington without a rebound.
2:26 of 2nd period - Sean Monahan wins face-off versus Colton Sissons in PITTSBURGH zone.
2:26 of 2nd period - Brian Dumoulin is hit by Kris Russell and loses puck.
2:30 of 2nd period - Icing by Kris Russell.
2:31 of 2nd period - Sean Monahan wins face-off versus Colton Sissons in PITTSBURGH zone.
2:31 of 2nd period - Brian Dumoulin is hit by Kris Russell and loses puck.
2:38 of 2nd period - Trevor Lewis is hit by Jared McCann and loses puck.
3:08 of 2nd period - Icing by Brian Dumoulin.
3:09 of 2nd period - Sean Monahan wins face-off versus Robert Thomas in NASHVILLE zone.
3:38 of 2nd period - Shot by Andrei Svechnikov.
3:38 of 2nd period - Stopped by Joonas Korpisalo with a rebound.
3:40 of 2nd period - Shot by Robert Thomas.
3:40 of 2nd period - Stopped by Joonas Korpisalo without a rebound.
3:41 of 2nd period - Jack Eichel wins face-off versus J.T. Compher in NASHVILLE zone.
3:46 of 2nd period - Shot by Jack Eichel.
3:46 of 2nd period - Shot Misses the Net.
3:56 of 2nd period - Shot by Jack Eichel.
3:56 of 2nd period - Deflect By Vincent Hinostroza.
3:56 of 2nd period - Stopped by Joonas Korpisalo without a rebound.
3:57 of 2nd period - Derek Ryan wins face-off versus Nolan Patrick in NASHVILLE zone.
4:31 of 2nd period - Off-side.
4:32 of 2nd period - Jack Eichel wins face-off versus J.T. Compher in neutral zone.
4:46 of 2nd period - Icing by Roman Polak.
4:47 of 2nd period - Devin Shore wins face-off versus Jack Eichel in PITTSBURGH zone.
5:20 of 2nd period - Shot by Jack Eichel.
5:20 of 2nd period - Stopped by Joonas Korpisalo without a rebound.
5:21 of 2nd period - Sean Monahan wins face-off versus Robert Thomas in NASHVILLE zone.
5:21 of 2nd period - Sean Monahan is hit by Andrei Svechnikov.
5:55 of 2nd period - Jonas Siegenthaler is hit by Jared McCann and loses puck.
6:03 of 2nd period - Kris Russell is hit by Adam Larsson and loses puck.
6:13 of 2nd period - Minor Penalty to Adam Larsson for Holding.
6:14 of 2nd period - Derek Ryan wins face-off versus Nolan Patrick in NASHVILLE zone.
6:28 of 2nd period - Icing by Brandon Tanev.
6:29 of 2nd period - Sean Monahan wins face-off versus Brandon Tanev in PITTSBURGH zone.
6:40 of 2nd period - Shot by Pierre Engvall.
6:40 of 2nd period - Shot Blocked by Nicolas Hague.
7:27 of 2nd period - Shot by Robert Thomas.
7:27 of 2nd period - Shot Blocked by Jared McCann.
8:53 of 2nd period - Nolan Patrick is hit by Andrei Svechnikov and loses puck.
9:13 of 2nd period - Connor Carrick is hit by Nick Jensen and loses puck.
9:19 of 2nd period - Andrei Svechnikov is hit by Andrew Peeke and loses puck.
9:42 of 2nd period - Adam Larsson is hit by Brandon Tanev and loses puck.
9:55 of 2nd period - Shot by Paul Byron.
9:55 of 2nd period - Shot Misses the Net.
10:04 of 2nd period - Sammy Blais is hit by Adam Larsson and loses puck.
10:26 of 2nd period - Off-side.
10:27 of 2nd period - J.T. Compher wins face-off versus Colton Sissons in neutral zone.
11:01 of 2nd period - Minor Penalty to Brian Dumoulin for Interference.
11:02 of 2nd period - Jack Eichel wins face-off versus Sean Monahan in NASHVILLE zone.
11:14 of 2nd period - Icing by Teuvo Teravainen.
11:15 of 2nd period - Jack Eichel wins face-off versus Sean Monahan in PITTSBURGH zone.
11:44 of 2nd period - Shot by Teuvo Teravainen.
11:44 of 2nd period - Shot Misses the Net.
12:04 of 2nd period - Shot by Pierre Engvall.
12:04 of 2nd period - Stopped by Joonas Korpisalo without a rebound.
12:05 of 2nd period - Paul Byron wins face-off versus Derek Ryan in NASHVILLE zone.
13:11 of 2nd period - Shot by Bobby Ryan.
13:11 of 2nd period - Shot Misses the Net.
13:16 of 2nd period - Off-side.
13:17 of 2nd period - Jack Eichel wins face-off versus Devin Shore in neutral zone.
13:24 of 2nd period - Vincent Hinostroza is hit by Devin Shore and loses puck.
14:31 of 2nd period - Shot by Bobby Ryan.
14:31 of 2nd period - Stopped by Jordan Binnington with a rebound.
15:21 of 2nd period - Off-side.
15:22 of 2nd period - Sean Monahan wins face-off versus Derek Ryan in neutral zone.
15:33 of 2nd period - Shot by Paul Byron.
15:33 of 2nd period - Stopped by Jordan Binnington without a rebound.
15:34 of 2nd period - Paul Byron wins face-off versus Robert Thomas in PITTSBURGH zone.
15:34 of 2nd period - Brian Dumoulin is hit by Kris Russell and loses puck.
16:02 of 2nd period - Shot by Jonas Siegenthaler.
16:02 of 2nd period - Stopped by Joonas Korpisalo without a rebound.
16:03 of 2nd period - Derek Ryan wins face-off versus J.T. Compher in NASHVILLE zone.
16:16 of 2nd period - Shot by J.T. Compher.
16:16 of 2nd period - Stopped by Jordan Binnington without a rebound.
16:17 of 2nd period - Colton Sissons wins face-off versus Nolan Patrick in PITTSBURGH zone.
16:17 of 2nd period - Colton Sissons is hit by Nolan Patrick.
16:51 of 2nd period - Shot by Pierre Engvall.
16:51 of 2nd period - Stopped by Joonas Korpisalo without a rebound.
16:52 of 2nd period - J.T. Compher wins face-off versus Andrei Svechnikov in NASHVILLE zone.
16:52 of 2nd period - Minor Penalty to Andrei Svechnikov for Hooking.
16:53 of 2nd period - Sean Monahan wins face-off versus Derek Ryan in PITTSBURGH zone.
17:10 of 2nd period - Shot by Paul Byron.
17:10 of 2nd period - Shot Misses the Net.
17:18 of 2nd period - Shot by Paul Byron.
17:18 of 2nd period - Shot Misses the Net.
17:20 of 2nd period - Shot by Jared McCann.
17:20 of 2nd period - Shot Misses the Net.
17:22 of 2nd period - Shot by Brian Dumoulin.
17:22 of 2nd period - Shot Blocked by Jonas Siegenthaler.
18:28 of 2nd period - Icing by Morgan Rielly.
18:29 of 2nd period - Derek Ryan wins face-off versus J.T. Compher in NASHVILLE zone.
18:50 of 2nd period - Shot by Brian Dumoulin.
18:50 of 2nd period - Shot Blocked by Roman Polak.
19:10 of 2nd period - Shot by Andrei Svechnikov.
19:10 of 2nd period - Stopped by Joonas Korpisalo without a rebound.
19:11 of 2nd period - Colton Sissons wins face-off versus Devin Shore in NASHVILLE zone.
19:48 of 2nd period - Icing by Brian Dumoulin.
19:49 of 2nd period - Robert Thomas wins face-off versus Devin Shore in NASHVILLE zone.
19:49 of 2nd period - Robert Thomas is hit by Brian Dumoulin.
Goals for this period are 0 for PITTSBURGH vs 0 for NASHVILLE.
Shots for this period are 8 for PITTSBURGH vs 6 for NASHVILLE.

3rd period


0:01 of 3rd period - Jack Eichel wins face-off versus J.T. Compher in neutral zone.
0:40 of 3rd period - Shot by Teuvo Teravainen.
0:40 of 3rd period - Shot Blocked by Adam Larsson.
1:14 of 3rd period - Shot by Jordan Greenway.
1:14 of 3rd period - Deflect By Andrei Svechnikov.
1:14 of 3rd period - Shot Misses the Net.
1:42 of 3rd period - Jamie Oleksiak is hit by Bobby Ryan and loses puck.
1:48 of 3rd period - Off-side.
1:49 of 3rd period - Colton Sissons wins face-off versus Tage Thompson in neutral zone.
1:54 of 3rd period - Andrew Peeke is hit by Colton Sissons and loses puck.
3:07 of 3rd period - Shot by Nolan Patrick.
3:07 of 3rd period - Shot Misses the Net.
3:12 of 3rd period - Icing by Jamie Oleksiak.
3:13 of 3rd period - Sean Monahan wins face-off versus Jack Eichel in PITTSBURGH zone.
3:49 of 3rd period - Off-side.
3:50 of 3rd period - Derek Ryan wins face-off versus J.T. Compher in neutral zone.
4:08 of 3rd period - Kris Russell is hit by Jimmy Vesey and loses puck.
4:21 of 3rd period - Shot by Sammy Blais.
4:21 of 3rd period - Shot Misses the Net.
4:50 of 3rd period - Connor Carrick is hit by Jordan Greenway and loses puck.
5:13 of 3rd period - Icing by Andrew Peeke.
5:14 of 3rd period - Nolan Patrick wins face-off versus Jack Eichel in NASHVILLE zone.
5:40 of 3rd period - Off-side.
5:41 of 3rd period - Sean Monahan wins face-off versus Colton Sissons in neutral zone.
5:43 of 3rd period - Adam Larsson is hit by Roman Polak.
5:57 of 3rd period - Shot by Colton Sissons.
5:57 of 3rd period - Shot Blocked by Morgan Rielly.
6:02 of 3rd period - Icing by Adam Larsson.
6:03 of 3rd period - Robert Thomas wins face-off versus Sean Monahan in NASHVILLE zone.
7:13 of 3rd period - Icing by Brian Dumoulin.
7:14 of 3rd period - J.T. Compher wins face-off versus Derek Ryan in NASHVILLE zone.
8:07 of 3rd period - Shot by Nolan Patrick.
8:07 of 3rd period - Deflect By Bobby Ryan.
8:07 of 3rd period - Shot Blocked by Vincent Hinostroza.
8:33 of 3rd period - Shot by Jack Eichel.
8:33 of 3rd period - Deflect By Teuvo Teravainen.
8:33 of 3rd period - Shot Blocked by Connor Carrick.
9:03 of 3rd period - Shot by Robert Thomas.
9:03 of 3rd period - Stopped by Joonas Korpisalo without a rebound.
9:04 of 3rd period - Colton Sissons wins face-off versus Sean Monahan in NASHVILLE zone.
9:07 of 3rd period - Shot by Pierre Engvall.
9:07 of 3rd period - Shot Blocked by Morgan Rielly.
9:09 of 3rd period - Shot by Pierre Engvall.
9:09 of 3rd period - Shot Misses the Net.
9:11 of 3rd period - Shot by Colton Sissons.
9:11 of 3rd period - Shot Blocked by Morgan Rielly.
9:36 of 3rd period - Icing by Morgan Rielly.
9:37 of 3rd period - Sean Monahan wins face-off versus Robert Thomas in NASHVILLE zone.
10:57 of 3rd period - Teuvo Teravainen is hit by Brian Dumoulin and loses puck.
11:05 of 3rd period - Jack Eichel is hit by Nicolas Hague and loses puck.
13:03 of 3rd period - Minor Penalty to Bobby Ryan for Hooking.
13:04 of 3rd period - Sean Monahan wins face-off versus Teuvo Teravainen in NASHVILLE zone.
13:12 of 3rd period - Icing by Cale Makar.
13:13 of 3rd period - Jack Eichel wins face-off versus Sean Monahan in PITTSBURGH zone.
13:15 of 3rd period - Cale Makar is hit by Sean Monahan and loses puck.
13:25 of 3rd period - Shot by Jack Eichel.
13:25 of 3rd period - Stopped by Joonas Korpisalo with a rebound.
13:27 of 3rd period - Shot by Cale Makar.
13:27 of 3rd period - Goal by Cale Makar - PITTSBURGH : 4 - NASHVILLE : 0.
13:28 of 3rd period - Teuvo Teravainen wins face-off versus J.T. Compher in neutral zone.
13:41 of 3rd period - Shot by Jason Dickinson.
13:41 of 3rd period - Deflect By Jimmy Vesey.
13:41 of 3rd period - Shot Misses the Net.
13:51 of 3rd period - Shot by Brian Dumoulin.
13:51 of 3rd period - Shot Misses the Net.
14:29 of 3rd period - Shot by Andrei Svechnikov.
14:29 of 3rd period - Shot Blocked by Connor Carrick.
14:31 of 3rd period - Shot by Jordan Greenway.
14:31 of 3rd period - Stopped by Joonas Korpisalo with a rebound.
14:33 of 3rd period - Shot by Andrei Svechnikov.
14:33 of 3rd period - Shot Misses the Net.
14:35 of 3rd period - Shot by Andrei Svechnikov.
14:35 of 3rd period - Shot Hit the Post.
14:48 of 3rd period - Shot by Robert Thomas.
14:48 of 3rd period - Shot Misses the Net.
15:06 of 3rd period - Icing by Andrew Peeke.
15:07 of 3rd period - Derek Ryan wins face-off versus Jared McCann in NASHVILLE zone.
15:10 of 3rd period - Shot by Brandon Tanev.
15:10 of 3rd period - Shot Blocked by Connor Carrick.
15:12 of 3rd period - Shot by Derek Ryan.
15:12 of 3rd period - Shot Blocked by Connor Carrick.
15:45 of 3rd period - Sammy Blais is hit by Andrew Peeke and loses puck.
16:13 of 3rd period - Shot by J.T. Compher.
16:13 of 3rd period - Shot Misses the Net.
17:04 of 3rd period - Icing by Jonas Siegenthaler.
17:05 of 3rd period - Nolan Patrick wins face-off versus Jack Eichel in PITTSBURGH zone.
17:06 of 3rd period - Shot by Nicolas Hague.
17:06 of 3rd period - Goal by Nicolas Hague - PITTSBURGH : 4 - NASHVILLE : 1.
17:07 of 3rd period - Nolan Patrick wins face-off versus Robert Thomas in neutral zone.
17:37 of 3rd period - Shot by Robert Thomas.
17:37 of 3rd period - Shot Misses the Net.
17:39 of 3rd period - Shot by Andrei Svechnikov.
17:39 of 3rd period - Stopped by Joonas Korpisalo without a rebound.
17:40 of 3rd period - Devin Shore wins face-off versus Jack Eichel in NASHVILLE zone.
17:45 of 3rd period - Shot by Josh Leivo.
17:45 of 3rd period - Stopped by Jordan Binnington without a rebound.
17:46 of 3rd period - Devin Shore wins face-off versus Jack Eichel in PITTSBURGH zone.
17:53 of 3rd period - Shot by Josh Leivo.
17:53 of 3rd period - Goal by Josh Leivo - PITTSBURGH : 4 - NASHVILLE : 2.
17:54 of 3rd period - J.T. Compher wins face-off versus Derek Ryan in neutral zone.
18:05 of 3rd period - Shot by J.T. Compher.
18:05 of 3rd period - Shot Blocked by Kris Russell.
18:07 of 3rd period - Shot by Nicolas Hague.
18:07 of 3rd period - Stopped by Jordan Binnington without a rebound.
18:08 of 3rd period - Robert Thomas wins face-off versus Sean Monahan in PITTSBURGH zone.
18:08 of 3rd period - Robert Thomas is hit by Paul Byron.
18:22 of 3rd period - Shot by Sean Monahan.
18:22 of 3rd period - Stopped by Jordan Binnington without a rebound.
18:23 of 3rd period - J.T. Compher wins face-off versus Derek Ryan in PITTSBURGH zone.
18:55 of 3rd period - Icing by Nicolas Hague.
18:56 of 3rd period - J.T. Compher wins face-off versus Robert Thomas in NASHVILLE zone.
18:56 of 3rd period - Jason Dickinson is hit by Jordan Greenway.
18:59 of 3rd period - Nicolas Hague is hit by Roman Polak and loses puck.
19:07 of 3rd period - Off-side.
19:08 of 3rd period - Sean Monahan wins face-off versus Jack Eichel in neutral zone.
19:13 of 3rd period - Shot by Sean Monahan.
19:13 of 3rd period - Shot Blocked by Jordan Oesterle.
19:15 of 3rd period - Shot by Morgan Rielly.
19:15 of 3rd period - Stopped by Jordan Binnington without a rebound.
19:16 of 3rd period - Sean Monahan wins face-off versus Robert Thomas in PITTSBURGH zone.
19:33 of 3rd period - Kris Russell is hit by Jared McCann and loses puck.
Goals for this period are 1 for PITTSBURGH vs 2 for NASHVILLE.
Shots for this period are 5 for PITTSBURGH vs 6 for NASHVILLE.